AoeStats
← Kez

Four Lakes

509079453Analyzed
1v1 RM · 6d ago on Sep 25, 2026· 35m 40s· 2 players
Game mode
Random Map
Map size
Tiny (2 player)
Population
200
Speed
Normal
Resources
Standard
Victory
Conquest
Starting age
Dark Age
Ending age
Imperial Age
RankedLock teamsTeams togetherTeam positionsShared explorationLock speedFull tech treeHidden civsTurbo modeCheats
Victory
Defeat
🇦🇺 Italians · Australia
1314
+17
🇳🇱 Koreans · Netherlands
1332
-17
smashbot
8:26 Loom
10:50 Feudal Age
11:15 Double-Bit Axe
13:37 Fletching
14:04 Fishing Lines
18:52 Castle Age
19:48 Medium Warships
19:29 Gillnets
19:56 Bow Saw
19:50 Bodkin Arrow
19:56 Padded Archer Armor
22:10 Leather Archer Armor
23:44 Wheelbarrow
22:56 Town Watch
24:51 Elite Skirmisher
28:04 Imperial Age
28:06 Thumb Ring
28:20 Hand Cart
29:09 Conscription
29:55 Chemistry
29:20 Ballistics
31:12 Gold Mining
31:50 Bracer
Kez
5:11 Loom
10:41 Feudal Age
15:47 Castle Age
14:20 Double-Bit Axe
17:56 Elite Skirmisher
20:45 Fletching
21:56 Horse Collar
23:09 Medium Warships
30:22 Gold Mining
33:41 Imperial Age
30:44 Light Cavalry
31:35 Fishing Lines
32:44 Stone Mining
34:00 Wheelbarrow
33:11 Town Watch
34:03 Husbandry
34:10 Scale Barding Armor
34:21 Hussar
34:56 Treadmill Crane
35:31 Masonry
Connection lost

Rejoining the realm…

Still unreachable

The connection could not be restored.

Session expired

The server has moved on; the page needs a fresh start.